 Dungeon Crawl Stone Soup version 0.21.1-1-g345015f (webtiles) character file.

126 goulibeur the Distorting Demonspawn (level 4, -2/37 HPs)
             Began as a Demonspawn Abyssal Knight on July 2, 2018.
             Was a Believer of Lugonu.
             Slain by a worm (8 damage)
             ... on level 3 of the Dungeon.
             The game lasted 00:10:02 (3013 turns).

goulibeur the Distorting Demonspawn (DsAK)          Turns: 3013, Time: 00:10:03

Health: -2/37      AC:  6    Str: 12    XL:     4   Next: 83%
Magic:  7/7        EV: 12    Int: 14    God:    Lugonu [**....]
Gold:   191        SH:  0    Dex: 13    Spells: 3/3 levels left

rFire    . . .     SeeInvis .   a - +1 short sword
rCold    . . .     Gourm    .   (no shield)
rNeg     . . .     Faith    .   b - +0 leather armour
rPois    .         Spirit   .   e - +0 helmet
rElec    .         Reflect  .   (no cloak)
rCorr    .         Harm     .   (no gloves)
MR       .....                  (no boots)
Stlth    +.........             (no amulet)
HPRegen  0.12/turn              (no ring)
MPRegen  0.10/turn              (no ring)

@: no status effects
A: hooves 1, molten scales 1
a: Depart the Abyss, Bend Space, Renounce Religion


You were on level 3 of the Dungeon.
You worshipped Lugonu.
Lugonu was pleased with you.
You were not hungry.

You visited 1 branch of the dungeon, and saw 3 of its levels.
You visited the Abyss 1 time.

You collected 191 gold pieces.

Inventory:

Hand Weapons
 a - a +1 short sword (weapon)
Armour
 b - a +0 leather armour (worn)
 e - a +0 helmet (worn)
Scrolls
 f - a scroll of enchant weapon {unknown}
 g - a scroll of teleportation {unknown}
 j - a scroll of amnesia {unknown}
 l - 3 scrolls of identify {unknown}
 m - a scroll of blinking {unknown}
 n - a scroll of remove curse {unknown}
 o - a scroll of immolation {unknown}
Potions
 d - a potion of berserk rage {unknown}
 i - a potion of resistance {unknown}
 k - 2 potions of flight {unknown}
 p - a potion of degeneration {unknown}
Comestibles
 c - 7 rations
 h - 4 chunks of flesh


   Skills:
 + Level 3.6 Fighting
 - Level 1.7 Short Blades
 + Level 2.5 Armour
 + Level 1.9 Dodging
 * Level 4.5 Invocations


You had 3 spell levels left.
You didn't know any spells.

Dungeon Overview and Level Annotations

Branches:
Dungeon (3/15)

Altars:
Dithmenos
Gozag
Nemelex Xobeh
The Shining One


Innate Abilities, Weirdness & Mutations

You have large cloven feet.
You are partially covered in molten scales. (AC +2)


Message History

The bat hits you.
You see here a wand of flame (17).
You closely miss the bat. The bat misses you. The bat closely misses you.
You closely miss the bat. The bat hits you but does no damage.
You barely miss the worm. The bat hits you but does no damage.
You hit the worm. You kick the worm.
The worm is heavily wounded.
The bat misses you. The worm bites you!
You hit the worm.
The worm is heavily wounded.
The bat hits you but does no damage. The worm bites you!
* * * LOW HITPOINT WARNING * * *
You hit the worm but do no damage.
The worm is moderately wounded.
The bat hits you.
* * * LOW HITPOINT WARNING * * *
You hit the worm. You kick the worm.
The worm is severely wounded.
The bat barely misses you. The worm bites you!
You die...

.... .... #.# #..# #.#
##..###.### .... ..#.##
#.b# #....##
#.w###.....##
.####.@##.......##
#.................# <#
...!#....#.......## #.#
..........#......# #.#
###.......##.....# #.#
#...........#..# #.#
#.....##.##.#..# #.#
#.>....##.##.#..#####.#
......# #.##.#....)...#


You could see a worm and a bat.

Vanquished Creatures
  A gnoll (D:1)
  2 adders (D:2)
  2 oozes (D:1)
  3 worms
  2 dart slugs
  2 leopard geckos
  6 giant cockroaches
  7 goblins
  6 hobgoblins
  7 jackals
  3 quokkas
  6 bats
  6 frilled lizards
  12 kobolds
  9 rats
74 creatures vanquished.

Notes
Turn   | Place    | Note
-------+----------+-------------------------------------------
     0 | Abyss:1  | goulibeur the Demonspawn Abyssal Knight began the quest for the Orb.
     0 | Abyss:1  | Reached XP level 1. HP: 18/18 MP: 2/2
    39 | Abyss:1  | Found a corrupted altar of Lugonu.
    65 | Abyss:1  | Noticed a thrashing horror
    65 | D:1      | Escaped the Abyss
   103 | D:1      | Reached skill level 1 in Dodging
   260 | D:1      | Gained mutation: You are partially covered in molten scales. (AC +2) [demonic ancestry]
   260 | D:1      | Reached XP level 2. HP: 24/24 MP: 4/4
   269 | D:1      | Reached skill level 3 in Invocations
   689 | D:1      | Reached * piety under Lugonu
   689 | D:1      | Reached XP level 3. HP: 24/29 MP: 5/5
  1814 | D:2      | Reached skill level 4 in Invocations
  1819 | D:2      | Gained mutation: You have large cloven feet. [demonic ancestry]
  1819 | D:2      | Reached XP level 4. HP: 24/35 MP: 5/7
  2088 | D:2      | Found a glowing golden altar of the Shining One.
  2088 | D:2      | Found a sparkling altar of Nemelex Xobeh.
  2089 | D:2      | Found a shadowy altar of Dithmenos.
  2096 | D:2      | Found an opulent altar of Gozag.
  2160 | D:2      | Reached ** piety under Lugonu
  3013 | D:3      | Slain by a worm

Skill      XL: |  1  2  3 |
---------------+----------+-----
Dodging        | 1 |  1.9
Armour         | 2 |  2.5
Invocations    | 3 4 |  4.5
Fighting       | |  3.6
Short Blades   | |  1.7

Action                   |  1- 3 |  4- 6 || total
-------------------------+-------+-------++-------
Melee: Short sword       |   164 |   106 ||   270
       Kick              |       |    23 ||    23
Invok: Depart the Abyss  |     1 |       ||     1
 Stab: Sleeping          |     1 |       ||     1
  Eat: Chunk             |     3 |     4 ||     7
Armor: Leather armour    |    70 |    34 ||   104
Dodge: Dodged            |   116 |    55 ||   171
